 Dungeon Crawl Stone Soup version 0.30-a0-439-g9e77e4d (webtiles) character file.

Game seed: 3424644479409257690

1089 MibeInu the Poker (level 8, -4/58 HPs)
             Began as a Merfolk Ice Elementalist on Dec 10, 2022.
             Was an Initiate of the Shining One.
             Slain by a troll (7 damage)
             ... on level 6 of the Dungeon.
             The game lasted 00:24:42 (5261 turns).

MibeInu the Poker (Merfolk Ice Elementalist)        Turns: 5261, Time: 00:24:42

Health: -4/58      AC: 11    Str:  8    XL:     8   Next: 31%
Magic:  1/11       EV: 14    Int: 16    God:    the Shining One [......]
Gold:   274        SH:  0    Dex: 20    Spells: 4/11 levels left

rFire   + + .      SeeInvis +    E - +0 halberd
rCold   + . .      Faith    .    (shield currently unavailable)
rNeg    . . .      Spirit   .    c - +0 leather armour
rPois   .          Reflect  .    r - +2 helmet
rElec   .          Harm     .    K - scarf {shadows}
rCorr   .          Rampage  .    B - +0 pair of gloves
Will    .....                    (no boots)
Stlth   ++........               x - amulet of regeneration
HPRegen 1.09/turn                I - ring "Emufih" {rF++ Dex+5 SInv Stlth+}
MPRegen 0.12/turn                F - ring of protection from cold

@: ice-armoured, about to teleport, glowing
A: (nimble swimmer 2), mertail
a: Renounce Religion


You were on level 6 of the Dungeon.
You worshipped the Shining One.
The Shining One was noncommittal.
You visited 2 branches of the dungeon, and saw 7 of its levels.

You collected 274 gold pieces.

Inventory:

Hand Weapons
 e - a +0 dagger
 q - a +0 spear
 C - a +0 falchion
 E - a +0 halberd (weapon)
Missiles
 g - 6 poisoned darts (quivered)
 y - 9 javelins
Armour
 a - a +0 robe
 c - a +0 leather armour (worn)
 r - a +2 helmet (worn)
 B - a +0 pair of gloves (worn)
 K - a scarf of shadows (worn)
Jewellery
 v - an amulet of guardian spirit
 x - an amulet of regeneration (around neck)
 F - a ring of protection from cold (right hand)
 I - the ring "Emufih" (left hand) {rF++ Dex+5 SInv Stlth+}
   (You found it on level 5 of the Dungeon)

   [ring of see invisible]

   Dex:       It affects your dexterity (+5).
   rF:        It greatly protects you from fire.
   SInv:      It lets you see invisible.
   Stlth:     It makes you more stealthy.
Scrolls
 d - a scroll of enchant weapon {unknown}
 f - 5 scrolls of teleportation
 h - 3 scrolls of identify
 l - a scroll of immolation
 o - a scroll of brand weapon {unknown}
 s - a scroll of torment {unknown}
 t - a scroll of magic mapping {unknown}
 u - a scroll of enchant armour {unknown}
 w - a scroll of noise {unknown}
 D - a scroll of acquirement {unknown}
 G - a scroll of blinking {unknown}
Potions
 b - a potion of magic
 i - 3 potions of heal wounds
 j - 3 potions of degeneration
 k - 2 potions of berserk rage
 m - a potion of experience {unknown}
 n - 2 potions of haste
 p - a potion of flight {unknown}
 z - a potion of brilliance {unknown}
 A - 3 potions of attraction {unknown}
 H - 2 potions of curing {unknown}
 J - a potion of might {unknown}


   Skills:
 - Level 3.0 Fighting
 * Level 7.4 Polearms
 - Level 5.0 Dodging
 - Level 2.2 Stealth
 - Level 2.4 Spellcasting
 - Level 6.0 Ice Magic
 * Level 4.6 Invocations


You had 4 spell levels left.
You knew the following spells:

 Your Spells              Type           Power      Damage    Failure   Level
a - Freeze                Ice            84%        1d9       2%          1
b - Frozen Ramparts       Ice            42%        1d7       8%          3
c - Ozocubu's Armour      Ice            21%        N/A       8%          3

Your spell library contained the following spells:

 Spells                   Type           Power      Damage    Failure   Level
 Summon Ice Beast         Ice/Summ       11%        N/A       63%         4
 Dazzling Flash           Conj/Hex       2%         N/A       65%         3
 Iskenderun's Mystic Bla  Conj/Tloc      1%         2d3       96%         4
 Starburst                Conj/Fire      0%         6d3       100%        6


Dungeon Overview and Level Annotations

Branches:
Dungeon (6/15)             Temple (1/1) D:4

Altars:
Ashenzari
Dithmenos
Elyvilon
Fedhas
Gozag
Hepliaklqana
Kikubaaqudgha
Makhleb
Okawaru
Qazlal
Ru
Sif Muna
Trog
Uskayaw
Vehumet
Wu Jian
Xom
Zin
The Shining One


Innate Abilities, Weirdness & Mutations

((You are very nimble when in or above water. (Stealth+, EV+, Speed+++)))
Your lower body shifts to a powerful aquatic tail in water.


Message History

Press: ? - help, Shift-Dir - straight line, f/p - troll
Aim: a troll (moderately wounded)
You freeze the troll!
The troll is heavily wounded.
The wall freezes the troll but does no damage.
The troll bites you but does no damage. The troll closely misses you.
The troll claws you but does no damage.
Casting: Freeze (safe; 2% risk of failure)
Confirm with . or Enter, or press ? or * to list all spells.
Aiming: Freeze (safe; 2% risk of failure)
Press: ? - help, Shift-Dir - straight line, f/p - troll
Aim: a troll (heavily wounded)
You freeze the troll.
The troll is heavily wounded.
The wall freezes the troll!
The troll bites you. The troll misses you. The troll claws you.
Casting: Freeze (safe; 2% risk of failure)
Confirm with . or Enter, or press ? or * to list all spells.
Aiming: Freeze (safe; 2% risk of failure)
Press: ? - help, Shift-Dir - straight line, f/p - troll
Aim: a troll (severely wounded)
You freeze the troll.
The troll is severely wounded.
The frozen ramparts melt away.
The troll bites you but does no damage. The troll claws you!
The troll closely misses you.
You closely miss the troll.
The troll is severely wounded.
The troll bites you! The troll claws you. x2
Unknown command.
Okay, then.
Okay, then.
As you read the scroll of teleportation, it crumbles to dust.
You feel strangely unstable. The troll completely misses you.
The troll barely misses you. The troll claws you!
* * * LOW HITPOINT WARNING * * *
Your icy armour will break if you move.
Continue?
The troll attacks as you move away! The troll bites you!
* * * LOW HITPOINT WARNING * * *
The troll claws you!
You die...

.. .. .###.# #.
...... ...
.......## ..8.
........##+)$...
.......@T.$8.8.
#..# #.....##+.....
... #.....# ..8.
#..###.....###.....
#...###........# #.
..###..###......#.#
.......##..#.##...#
......<..)#### #...
..........# ####


You could see a troll.

Vanquished Creatures
  An ice beast (D:5)
  A sky beast (D:5)
  A black bear (D:5)
  A centaur (D:3)
  A bullfrog (D:5)
  3 howler monkeys
  5 hounds
  A gnoll bouda (D:3)
  A jelly (D:4)
  Ijyb (D:4)
  3 iguanas
  An orc wizard (D:3)
  4 gnolls (D:4)
  7 adders
  A white imp (D:5)
  3 worms
  2 dart slugs
  11 orcs
  4 endoplasms
  8 giant cockroaches
  6 goblins
  14 hobgoblins
  6 jackals
  7 quokkas
  8 ball pythons
  A bat (D:2)
  3 frilled lizards
  7 kobolds
  6 rats
118 creatures vanquished.

Vanquished Creatures (others)
  A plant (D:2)
1 creature vanquished.

Grand Total: 119 creatures vanquished

Notes
Turn   | Place    | Note
-------+----------+-------------------------------------------
     0 | D:1      | MibeInu the Merfolk Ice Elementalist began the quest for
                  | the Orb.
     0 | D:1      | Reached XP level 1. HP: 13/13 MP: 3/3
   217 | D:1      | Reached XP level 2. HP: 19/19 MP: 3/5
   810 | D:1      | Reached XP level 3. HP: 24/24 MP: 4/6
  1232 | D:2      | Reached skill level 5 in Ice Magic
  1416 | D:2      | Learned a level 3 spell: Frozen Ramparts
  1926 | D:3      | Reached XP level 4. HP: 27/31 MP: 3/7
  1975 | D:3      | Reached skill level 1 in Fighting
  1977 | D:3      | Reached skill level 1 in Polearms
  2035 | D:3      | Found a hide-covered altar of Uskayaw.
  2038 | D:3      | Found an opulent altar of Gozag.
  2041 | D:3      | Found an ornate altar of the Wu Jian Council.
  2044 | D:3      | Found a white marble altar of Elyvilon.
  2329 | D:3      | Noticed a centaur
  2338 | D:3      | Killed a centaur
  2339 | D:3      | Reached skill level 2 in Polearms
  2339 | D:3      | Reached XP level 5. HP: 33/38 MP: 0/8
  2888 | D:3      | Reached skill level 3 in Polearms
  2976 | D:3      | Found an iron altar of Okawaru.
  3252 | D:3      | Reached XP level 6. HP: 21/44 MP: 3/9
  3484 | D:4      | Learned a level 3 spell: Ozocubu's Armour
  3506 | D:4      | Found a stormy altar of Qazlal.
  3506 | D:4      | Noticed a fire elemental
  3507 | D:4      | Noticed a water elemental
  3507 | D:4      | Noticed an air elemental
  3620 | D:4      | Noticed Ijyb
  3642 | D:4      | Reached skill level 4 in Polearms
  3807 | D:4      | Reached XP level 7. HP: 51/51 MP: 5/10
  3908 | D:4      | Found a staircase to the Ecumenical Temple.
  3917 | Temple   | Entered the Ecumenical Temple
  4142 | Temple   | Became a worshipper of the Shining One
  4308 | D:4      | Reached skill level 1 in Invocations
  4311 | D:4      | Reached skill level 5 in Dodging
  4436 | D:4      | Killed Ijyb
  4437 | D:4      | Reached skill level 5 in Polearms
  4528 | D:5      | Entered Level 5 of the Dungeon
  4528 | D:5      | Found a shimmering altar of Xom.
  4704 | D:5      | Reached skill level 6 in Polearms
  4719 | D:5      | Identified the ring "Emufih" {rF++ Dex+5 SInv Stlth+}
  4800 | D:5      | Reached XP level 8. HP: 58/58 MP: 7/11
  4814 | D:5      | Reached skill level 7 in Polearms
  5248 | D:6      | Noticed a troll
  5261 | D:6      | Slain by a troll

Illustrated notes

Levels and vault maps discovered:
D:1:      scummos_arrival_simple_crosswalls, layout_basic, minmay_crystal_room,
          minmay_curled_crystal
D:2:      layout_rooms, serial_bayou_pond_a, corexii_item_surrounded_by_moat,
          minmay_vboxes
D:3:      kennysheep_six_static_rooms, layout_basic, okawaru_altar_gauntlet_db,
          grunt_temple_overflow_cloverleaf, corexii_item_surrounded_by_moat
D:4:      layout_cave_pools, nicolae_qazlal_style_of_elements,
          minmay_temple_entry_fiery, serial_column_ruins, column_ruins_hut,
          column_ruins_hut_ruined, column_ruins_grid_1,
          column_ruins_columns_straight, column_ruins_open_tiny,
          column_ruins_grid_3, column_ruins_open_tiny, feat_on_display,
          uniq_ijyb
D:5:      cheibrodos_helix_gallery, layout_basic, overflow_temple_1_default
D:6:      layout_cave_pools, ebering_ghost_xom, gup_sewer_entry_bowl,
          minmay_misc_feat_plants, hangedman_decor_slide_cut,
          grunt_ministairs_12, hellmonk_guarded_unrand_lears
Temple:   nicolae_temple_slightly_damp_pantheon

Skill      XL: |  1  2  3  4  5  6  7  8 |
---------------+-------------------------+-----
Dodging        | 3 4 5 |  5.0
Ice Magic      | 5 6 |  6.0
Fighting       | 1 2 3 |  3.0
Polearms       | 2 3 4 6 7 |  7.4
Invocations    | 3 4 |  4.6
Stealth        | |  2.2
Spellcasting   | |  2.4

Action                   |  1- 3 |  4- 6 |  7- 9 || total
-------------------------+-------+-------+-------++-------
Melee: Unarmed           |     2 |       |       ||     2
       Dagger            |    61 |       |       ||    61
       Spear             |    28 |   132 |       ||   160
       Punch             |       |     3 |       ||     3
       Halberd           |       |    18 |    94 ||   112
Throw: Dart              |     8 |     2 |     1 ||    11
 Cast: Freeze            |    44 |    18 |    10 ||    72
       Frozen Ramparts   |     2 |    12 |     6 ||    20
       Ozocubu's Armour  |       |     1 |     2 ||     3
  Use: Scroll            |       |     7 |     1 ||     8
       Potion            |       |       |     1 ||     1
 Stab: Sleeping          |       |     2 |       ||     2
Armor: Robe              |    20 |    14 |       ||    34
       Leather armour    |       |    36 |    53 ||    89
Dodge: Dodged            |    73 |    93 |    77 ||   243

Table legend: (Time is in decaauts)
 A = Elapsed time spent in this place.
 B = Non-inter-level travel time spent in this place.
 C = Inter-level travel time spent in this place.
 D = Time resting spent in this place.
 E = Time spent auto-exploring this place.
 F = Levels seen in this place.
 G = Mean time per level.
                   A        B        C        D        E       F      G
               +--------+--------+--------+--------+--------+-----+--------+
         Total |   5279 |   5008 |    271 |    755 |   2934 |   7 |  754.1 |
       Dungeon |   5035 |   4781 |    254 |    755 |   2811 |   6 |  839.2 |
        Temple |    243 |    226 |     17 |      0 |    122 |   1 |  243.0 |
               +--------+--------+--------+--------+--------+-----+--------+

Top non-repeatable levels by time:
     D:3: 1462 daAuts
     D:1: 1133 daAuts
     D:4: 909 daAuts
     D:2: 788 daAuts
     D:5: 712 daAuts
  Temple: 243 daAuts
     D:6: 28 daAuts
